 Dungeon Crawl Stone Soup version 0.25-a0-424-g80bd347ae0 (webtiles) character file.

Game seed: 11105972419896068479, levelgen mode: deterministic

197 kae the Gusty (level 5, 0/38 HPs)
             Began as a Draconian Air Elementalist on Jan 23, 2020.
             Was an Initiate of Vehumet.
             Succumbed to a worker ant's poison
             ... on level 3 of the Dungeon.
             The game lasted 00:03:24 (3947 turns).

kae the Gusty (Draconian Air Elementalist)          Turns: 3947, Time: 00:03:24

Health: 0/38       AC:  5    Str: 10    XL:     5   Next: 46%
Magic:  0/10       EV: 12    Int: 21    God:    Vehumet [......]
Gold:   110        SH:  0    Dex: 12    Spells: 0/10 levels left

rFire    . . .     SeeInvis .   d - +0 hand axe
rCold    . . .     Gourm    .   (no shield)
rNeg     . . .     Faith    .   (armour unavailable)
rPois    .         Spirit   .   (helmet restricted)
rElec    .         Reflect  .   (no cloak)
rCorr    .         Harm     .   (no gloves)
MR       .....                  (no boots)
Stlth    ++........             (no amulet)
HPRegen  0.12/turn              (no ring)
MPRegen  0.12/turn              (no ring)

@: brilliant, lethally poisoned (0 -> -11)
A: unfitting armour, cold-blooded, AC +5
a: Renounce Religion


You were on level 3 of the Dungeon.
You worshipped Vehumet.
Vehumet was noncommittal.
You were hungry.

You visited 2 branches of the dungeon, and saw 5 of its levels.

You collected 110 gold pieces.

Inventory:

Hand Weapons
 c - a +0 dagger
 d - a +0 hand axe (weapon)
Wands
 g - a wand of polymorph (13)
 s - a wand of paralysis (10)
Scrolls
 j - a scroll of enchant weapon {unknown}
 k - 2 scrolls of magic mapping {unknown}
 l - 2 scrolls of remove curse {unknown}
 m - 2 scrolls of immolation {unknown}
 n - a scroll of fear {unknown}
 p - a scroll of teleportation {unknown}
Potions
 e - a potion of agility
 f - a potion of curing {unknown}
 h - 2 potions of flight {unknown}
 i - a potion of invisibility {unknown}
 o - a potion of haste {unknown}
 q - a potion of mutation {unknown}
 r - a potion of lignification {unknown}
Comestibles
 b - 4 rations


   Skills:
 - Level 1.7 Dodging
 - Level 1.7 Stealth
 + Level 3.3 Spellcasting
 - Level 1.0 Conjurations
 * Level 5.4 Air Magic


You couldn't memorise any spells.
You knew the following spells:

 Your Spells              Type           Power        Failure   Level  Hunger
a - Shock                 Conj/Air       ####         1%          1    None
b - Static Discharge      Conj/Air       ####....     1%          3    ###....
c - Swiftness             Chrm/Air       ####....     1%          2    ##.....
d - Airstrike             Air            #####.....   1%          4    ####...

Your spell library contained the following spells:

 Spells                   Type           Power        Failure   Level  Hunger
 Lightning Bolt           Conj/Air       ####......   11%         5    ######.


Dungeon Overview and Level Annotations

Branches:
Dungeon (4/15)             Temple (1/1) D:4

Altars:
Ashenzari
Cheibriados
Dithmenos
Elyvilon
Fedhas
Gozag
Hepliaklqana
Kikubaaqudgha
Makhleb
Nemelex Xobeh
Okawaru
Qazlal
Ru
Sif Muna
Trog
Uskayaw
Vehumet
Wu Jian
Xom
Yredelemnul
Zin
The Shining One

Annotations:
D:4 Edmund


Innate Abilities, Weirdness & Mutations

Your plain brown scales are hard. (AC +5)
You cannot fit into any form of body armour.
You are cold-blooded and may be slowed by cold attacks.


Message History

You are lethally poisoned!
The worker ant poisons you! The worker ant misses you.
You hit the worker ant but do no damage.
The worker ant is almost dead.
* * * LOW HITPOINT WARNING * * *
You feel sick. The worker ant bites you!
* * * LOW HITPOINT WARNING * * *
Casting: Shock (safe; 4% risk of failure)
Confirm with . or Enter, or press ? or * to list all spells.
Aiming: Shock (safe; 4% risk of failure)
Press: ? - help, Shift-Dir - straight line, f/p - worker ant
Aim: a worker ant (almost dead)
The zap hits the worker ant.
You kill the worker ant!
Vehumet accepts your kill.
* * * LOW HITPOINT WARNING * * *
You feel sick.
It was a potion of brilliance.
You feel clever all of a sudden.
You die...

#.# #.#.# #.# #.#.# #.# #.#.#
########### #####.###.#.#
#.........# #.........#.#
#.........####.#...#####.#
...............#.......#.########
####...>#####(.#.................
...'....'....).)@......#.########
####....######.#...###...........
#......................#.########
.......#######....######.# #
.......# #...........# # .......#
#..#..####### # ...[...#
#...#.##### # #......#
#.#.#.....# # #......#
#.#..#....# #


There were no monsters in sight!

Vanquished Creatures
  A crimson imp (D:4)
  A hound (D:4)
  A worker ant (D:3)
  An adder (D:2)
  A gnoll (D:1)
  2 worms (D:2)
  A dart slug (D:1)
  4 leopard geckos (D:2)
  6 orcs
  3 ball pythons
  3 giant cockroaches
  4 goblins
  9 hobgoblins
  4 jackals (D:3)
  3 quokkas (D:3)
  5 bats
  9 frilled lizards
  5 kobolds
  8 rats
71 creatures vanquished.

Notes
Turn   | Place    | Note
-------+----------+-------------------------------------------
     0 | D:1      | kae the Draconian Air Elementalist began the quest for the
                  | Orb.
     0 | D:1      | Reached XP level 1. HP: 14/14 MP: 3/3
   299 | D:1      | Reached XP level 2. HP: 20/20 MP: 0/5
   820 | D:1      | Reached XP level 3. HP: 26/26 MP: 3/6
  1245 | D:2      | Learned a level 3 spell: Static Discharge
  1248 | D:2      | Learned a level 2 spell: Swiftness
  1251 | D:2      | Reached skill level 4 in Air Magic
  1266 | D:2      | Found a blossoming altar of Fedhas.
  2378 | D:2      | Reached XP level 4. HP: 25/33 MP: 0/8
  3658 | D:4      | Found a staircase to the Ecumenical Temple.
  3667 | D:4      | Reached skill level 5 in Air Magic
  3673 | D:4      | Noticed Edmund
  3675 | Temple   | Entered the Ecumenical Temple
  3755 | Temple   | Became a worshipper of Vehumet
  3830 | D:4      | Reached XP level 5. HP: 28/38 MP: 0/9
  3915 | D:4      | Learned a level 4 spell: Airstrike
  3946 | D:3      | HP: 1/38 [poisoned by a worker ant]
  3947 | D:3      | Succumbed to a worker ant's poison

Levels and vault maps discovered:
D:1:      tarquinn_simple_flora_water_a, layout_loops_cross
D:2:      layout_loops_ring, fedhas_ov_isle_minmay, dk_noncrumbling_2,
          chequers_serial_rivers_micro_d
D:3:      layout_basic
D:4:      layout_cave_pools, minmay_temple_entry_drinking_statues, first_ration,
          uniq_edmund, uniq_menkaure
Temple:   grunt_wide_crystal_templ

Skill      XL: |  1  2  3  4 |
---------------+-------------+-----
Air Magic      | 4 5 |  5.4
Spellcasting   | 3 |  3.3
Dodging        | |  1.7
Stealth        | |  1.7
Conjurations   | |  1.0

Action                   |  1- 3 |  4- 6 || total
-------------------------+-------+-------++-------
Melee: Unarmed           |    17 |       ||    17
       Tailslap          |     9 |     4 ||    13
       Dagger            |    30 |       ||    30
       Hand axe          |    26 |    75 ||   101
 Cast: Shock             |    80 |    65 ||   145
       Static Discharge  |       |     1 ||     1
  Use: Scroll            |     2 |       ||     2
       Potion            |       |     1 ||     1
 Stab: Sleeping          |       |     1 ||     1
  Eat: Chunk             |     5 |     5 ||    10
Armor: Skin              |    15 |    28 ||    43
Dodge: Dodged            |    58 |    66 ||   124

Table legend:
 A = Non-vault XP
 B = Vault XP
 C = Vault XP percentage of total XP
 D = Non-vault monster count
 E = Vault monster count
 F = Vault count percentage of total count
                 A         B        C        D         E       F
            +---------+---------+-------+---------+---------+-------
      Total |     282 |       0 |   0.0 |      71 |       0 |   0.0
            +---------+---------+-------+---------+---------+-------
        D:1 |      50 |       0 |   0.0 |      25 |       0 |   0.0
        D:2 |      54 |       0 |   0.0 |      19 |       0 |   0.0
        D:3 |      81 |       0 |   0.0 |      23 |       0 |   0.0
        D:4 |      97 |       0 |   0.0 |       4 |       0 |   0.0
            +---------+---------+-------+---------+---------+-------
